 Dungeon Crawl Stone Soup version 0.19-a0-722-g27ac516 (webtiles) character file.

1080207 4thArraOfDagon the Invulnerable (level 27, -15/318 HPs)
             Began as an Ogre Fighter on June 19, 2016.
             Was an Initiate of Gozag.
             Killed by Shatter
             ... invoked by Rynuvoes the pandemonium lord
              (52 damage)
             ... on level 10 of a ziggurat on June 21, 2016.
             The game lasted 07:02:40 (51902 turns).

4thArraOfDagon the Invulnerable (Ogre Fighter)     Turns: 51902, Time: 07:02:41

Health: -15/318    AC: 40    Str: 26    XL:     27
Magic:  15/40      EV: 21    Int: 11    God:    Gozag
Gold:   7038       SH:  0    Dex: 19    Spells: 14 memorised, 15 levels left

rFire  + . .     SeeInvis +     g - +9 giant club (freeze)
rCold  + . .     Gourm    .     J - +12 pearl dragon armour "Cofik" {rF+ rN+ Regen+ Dex-4}
rNeg   + + +     Faith    .     (shield currently unavailable)
rPois  +         Spirit   .     (helmet restricted)
rElec  +         Dismiss  .     L - +2 cloak of the Thief {+Fog Slay-2 SInv Stlth+}
rCorr  +         Reflect  .     (gloves unavailable)
SustAt .         Harm     .     (boots unavailable)
MR     +++..                    N - amulet "Vyol" {+Rage rC+ rN+ Str-3 Dex+8}
Stlth  ++++......               l - ring "Emaod" {rPois rN+ MR+ Dex+4}
                                W - ring of Temperance {rCorr +Blink rElec Int-3 Slay+3}

@: exhausted, gold aura, very slightly contaminated, regenerating, slowed, very
slow, extremely resistant to hostile enchantments, stealthy
A: unfitting armour, molten scales 1, tough skin 1
a: Potion Petition, Call Merchant, Bribe Branch, Renounce Religion, Evoke Blink,
Evoke Fog, Evoke Berserk Rage
}: 13/15 runes: decaying, serpentine, slimy, silver, golden, iron, icy, abyssal,
demonic, glowing, magical, fiery, dark


You were on level 10 of a ziggurat.
You worshipped Gozag.
Gozag was noncommittal.
You were not hungry.

You visited 15 branches of the dungeon, and saw 76 of its levels.
You visited Pandemonium 7 times, and saw 30 of its levels.
You visited the Abyss 5 times.
You visited 1 bazaar.
You visited 2 ziggurats, and saw 19 of their levels (deepest: 10).
You also visited: Trove and Wizlab.

You collected 39078 gold pieces.
You spent 8485 gold pieces at shops.
You paid 23555 gold pieces to Gozag.

Inventory:

Hand Weapons
 g - a +9 giant club of freezing (weapon)
 i - the +4 giant club "Pawkituw" {drain, rElec rPois MR+ Dex+3}
   (You found it in a treasure trove)

   A truly terrible weapon, it drains the life of those it strikes.
   It affects your dexterity (+3).
   It insulates you from electricity.
   It protects you from poison.
   It affects your resistance to hostile enchantments.
 u - a +3 sacred scourge of holy wrath
Missiles
 s - 35 large rocks (quivered)
 E - 2 throwing nets
Armour
 t - the +1 large shield of Theory {rElec rCorr Str+2}
   (You found it in a treasure trove)

   It affects your strength (+2).
   It insulates you from electricity.
   It protects you from acid and corrosion.
 J - the +12 pearl dragon armour "Cofik" (worn) {rF+ rN+ Regen+ Dex-4}
   (You bought it in a shop on level 1 of the Snake Pit)

   It affects your dexterity (-4).
   It protects you from fire.
   It protects you from negative energy.
   It increases your rate of regeneration.
 L - the +2 cloak of the Thief (worn) {+Fog Slay-2 SInv Stlth+}
   (You found it in a wizard's laboratory)

   It affects your accuracy and damage with ranged weapons and melee attacks
   (-2).
   It lets you see invisible.
   It can be evoked to emit clouds of fog.
   It makes you more stealthy.
Jewellery
 l - the ring "Emaod" (right hand) {rPois rN+ MR+ Dex+4}
   (You bought it in a shop on level 2 of the Orcish Mines)

   [ring of protection from magic]

   It affects your dexterity (+4).
   It protects you from poison.
   It protects you from negative energy.
   It affects your resistance to hostile enchantments.
 m - the ring "Izoluq" {+Fly rPois rN++ Str+8 Slay-3}
   (You found it in a treasure trove)

   [ring of poison resistance]

   It affects your strength (+8).
   It affects your accuracy and damage with ranged weapons and melee attacks
   (-3).
   It protects you from poison.
   It greatly protects you from negative energy.
   It lets you fly.
 M - the amulet of the Scavenger {Regen+ Str+3 Dex+2 SInv}
   (You found it on level 3 of the Crypt)

   [amulet of regeneration]

   It affects your strength (+3).
   It affects your dexterity (+2).
   It lets you see invisible.
   It increases your rate of regeneration.
 N - the amulet "Vyol" (around neck) {+Rage rC+ rN+ Str-3 Dex+8}
   (You found it in a treasure trove)

   [amulet of rage]

   It affects your strength (-3).
   It affects your dexterity (+8).
   It protects you from cold.
   It protects you from negative energy.
   It lets you go berserk.
 O - the ring "Volot" {rN+ Dex+7}
   (You found it on level 3 of the Crypt)

   [ring of positive energy]

   It affects your dexterity (+7).
   It protects you from negative energy.
 R - the amulet "Neazeda" {+Rage rN+ Str+3 Dex+2 SInv}
   (You found it on level 3 of the Tomb of the Ancients)

   [amulet of rage]

   It affects your strength (+3).
   It affects your dexterity (+2).
   It protects you from negative energy.
   It lets you see invisible.
   It lets you go berserk.
 U - the ring of Mipsamihih {rC+ Dex+4}
   (You found it on level 5 of a ziggurat)

   [ring of protection from cold]

   It affects your dexterity (+4).
   It protects you from cold.
 W - the ring of Temperance (left hand) {rCorr +Blink rElec Int-3 Slay+3}
   (You found it on level 6 of a ziggurat)

   [ring of resist corrosion]

   It affects your intelligence (-3).
   It affects your accuracy and damage with ranged weapons and melee attacks
   (+3).
   It insulates you from electricity.
   It lets you blink.
Wands
 a - a wand of digging (9/24)
 c - a wand of hasting (1/9)
 j - a wand of disintegration (2/24)
 q - a wand of heal wounds (1/9)
 w - a wand of heal wounds (5/9)
 G - a wand of teleportation (2/9)
 Q - a wand of teleportation (0/9)
Scrolls
 d - 4 scrolls of magic mapping
 h - a scroll of summoning
 k - 3 scrolls of blinking
 n - 7 scrolls of remove curse
 o - a scroll of silence
 x - 6 scrolls of fog
 z - 4 scrolls of holy word
 D - a scroll of teleportation
Potions
 b - a potion of heal wounds
 e - 6 potions of cure mutation
 f - a potion of haste
 p - 12 potions of curing
 r - a potion of invisibility
 v - 7 potions of cancellation
 A - 3 potions of might
 B - 4 potions of ambrosia
 F - 11 potions of flight
 H - 9 potions of magic
 I - a potion of resistance
 P - a potion of berserk rage
 S - 8 potions of brilliance
 V - 2 potions of agility
Miscellaneous
 y - 3 boxes of beasts
 C - a phial of floods
 T - a fan of gales
 X - a lamp of fire
 Y - 3 phantom mirrors
 Z - a sack of spiders
Comestibles
 K - 21 meat rations


   Skills:
 - Level 26.0 Fighting
 - Level 23.0 Maces & Flails
 O Level 27 Armour
 - Level 18.1 Dodging
 * Level 14.1 Stealth
 - Level 2.6 Shields
 - Level 13.5 Spellcasting
 - Level 6.5 Hexes
 - Level 4.1 Charms
 - Level 4.1 Necromancy
 - Level 6.0 Translocations
 - Level 0.1 Transmutations
 - Level 6.2 Air Magic
 - Level 18.1 Evocations


You had 15 spell levels left.
You knew the following spells:

 Your Spells              Type           Power        Failure   Level  Hunger
a - Apportation           Tloc           ###.......   1%          1    None
b - Tukima's Dance        Hex            ###.....     3%          3    #......
c - Repel Missiles        Chrm/Air       ###...       2%          2    None
d - Swiftness             Chrm/Air       ###.....     2%          2    None
e - Summon Butterflies    Summ           #.......     17%         1    None
f - Passwall              Tmut/Erth      #.........   24%         2    None
g - Blink                 Tloc           N/A          1%          2    None
h - Passage of Golubria   Tloc           N/A          14%         4    ###....
i - Silence               Hex/Air        ###.......   30%         5    #####..
j - Spectral Weapon       Hex/Chrm       ###.....     6%          3    #......
k - Regeneration          Chrm/Necr      ###.......   10%         3    #......
l - Song of Slaying       Chrm           ###.....     3%          2    None
m - Sublimation of Blood  Necr           ###.......   4%          2    None
n - Haste                 Chrm           ###.....     100%        6    ######.


Dungeon Overview and Level Annotations

Branches:
Dungeon (15/15)            Temple (0/1) D:5            Lair (6/6) D:10
  Swamp (4/4) Lair:2        Snake (4/4) Lair:4        Slime (5/5) Lair:6
    Orc (2/2) D:12            Elf (3/3) Orc:2        Vaults (5/5) D:13
  Crypt (3/3) Vaults:3       Tomb (3/3) Crypt:3      Depths (4/5) D:15
   Hell (1/1)                 Dis (7/7) Hell            Geh (0/7) Hell
    Coc (7/7) Hell            Tar (7/7) Hell

Altars:
Ashenzari
Cheibriados
Dithmenos
Elyvilon
Gozag
Hepliaklqana
Makhleb
Nemelex Xobeh
Pakellas
Qazlal
Sif Muna
Vehumet
Xom
Yredelemnul
Zin
The Shining One
Beogh
Jiyva

Shops:
D:7 %[   D:9 (   D:12 [   Orc:1 %   Orc:2 (=[*   Lair:2 [   Snake:1 [
Snake:4 *   Slime:5 [[   Vaults:3 !=   Crypt:1 =   Tomb:1 =(   Dis:1 !
Depths:3 :}**

Portals:
Hell: Lair:6 Depths:1 Depths:3
Abyss: Depths:1
Pandemonium: Depths:3

Annotations:
D:9 tstbtto's ghost, journeyman CeBe
D:14 Josephine; Snorg
D:15 exclusion: 2 ice statues
Slime:1 Dissolution
Slime:2 exclusion: upstairs
Dis:7 Dispater
Coc:7 Antaeus


Innate Abilities, Weirdness & Mutations

You are too large for most types of armour.
You have tough skin. (AC +1)
You are partially covered in molten scales. (AC +1)


Message History

The damnation engulfs the sheep.
The sheep dies!
The damnation engulfs you!
* * * LOW HITPOINT WARNING * * *
Unknown command.
Casting: Spectral Weapon
Confirm with . or Enter, or press ? or * to list all spells.
Your skin crawls.
You feel a little less agile now.
Rynuvoes is no longer unusually agile.
Rynuvoes is no longer unusually resistant.
Rynuvoes gestures.
The dungeon rumbles around Rynuvoes!
You shudder from the earth-shattering force.
* * * LOW HITPOINT WARNING * * *
Rynuvoes gestures.
The dungeon rumbles around Rynuvoes!
You shudder from the earth-shattering force.
You die...
Your body crumbles into a pile of gold.

.................▓
.....§..§........▓
3.....#§§........▓
3&...§#§##.......▓
pp...§§§§.......∩▓
6....##§#........▓
G.....§.#......&.▓
...........§...$$▓
...............$@▓
▓▓▓........§▓▓▓▓▓▓
▓.........▓
▓▓▓▓▓▓▓▓▓▓▓


You could see Rynuvoes.

Vanquished Creatures
  the Royal Jelly (Slime:5)
  7 pandemonium lords
  the Serpent of Hell (Coc:7)
  2 ancient liches
  Mennas (Pan)
  A juggernaut (Depths:2)
  10 greater mummies
  Sojobo (Tomb:2)
  Bai Suzhen (Crypt:1)
  2 shard shrikes
  Vashnia (Snake:3)
  Frederick (Tomb:2)
  4 Killer Klowns
  Geryon (Hell)
  A profane servitor (Crypt:3)
  A golden dragon (Vaults:5)
  Nikola (Snake:3)
  2 bone dragons
  An iron giant (Dis:7)
  2 Tzitzimimeh (Tar:7)
  3 electric golems (Zig:7)
  A doom hound (Tar:6)
  5 Brimstone Fiends
  Jorgrun (Snake:4)
  A hellephant (Pan)
  6 tentacled monstrosities
  7 Hell Sentinels
  11 Ice Fiends
  9 liches
  Rupert (Lair:3)
  7 titans
  2 deep elf blademasters (Elf:3)
  7 quicksilver dragons
  Asterion (Snake:3)
  A deep elf master archer (Zig:6)
  Frances (Swamp:2)
  3 eldritch tentacles
  32 acid blobs
  9 tentacled starspawn
  A thorn hunter (Swamp:4)
  11 sphinxes
  27 Executioners
  7 shadow dragons
  16 ancient champions
  Kirke (Swamp:2)
  3 revenants
  8 greater nagas
  6 tengu reavers
  5 storm dragons
  Roxanne (Swamp:4)
  8 daevas (Pan)
  16 azure jellies
  3 fire giants
  14 deep elf sorcerers
  4 curse skulls
  Aizul (Snake:3)
  2 iron dragons
  4 frost giants
  12 angels (Pan)
  An orc warlord (Orc:1)
  18 vault wardens
  5 warmongers (Pan)
  7 deep elf elementalists
  20 balrugs
  2 draconian annihilators
  29 reapers
  10 ghouls
  12 ironheart preservers
  35 cacodemons
  5 blood saints (Pan)
  18 stone giants
  9 war gargoyles
  4 elemental wellsprings (Coc:7)
  An entropy weaver (shapeshifter) (Depths:3)
  A green draconian (Zig:2)
  2 bennus (Tomb:2)
  An entropy weaver (Abyss:3)
  6 ophanim
  A stone giant (shapeshifter) (Zig:5)
  16 very ugly things
  A spriggan defender (Depths:3)
  11 vampire knights
  9 apis (Pan)
  17 chaos champions
  6 deep elf demonologists
  5 lorocyprocas
  5 corrupters (Pan)
  A white draconian (WizLab)
  Nessos (Orc:2)
  7 deep elf annihilators
  7 black suns (Pan)
  A dire elephant (Lair:6)
  5 spark wasps (Depths:3)
  12 green deaths
  7 eidola
  10 ettins
  3 fire dragons
  19 blizzard demons
  6 death oozes
  4 merfolk impalers
  A fire dragon (shapeshifter) (Depths:2)
  8 great orbs of eyes
  7 jiangshi
  A quicksilver dragon zombie (Crypt:3)
  9 yaktaur captains
  9 deep elf death magi
  19 mummy priests
  2 rakshasas
  A kraken zombie (Hell)
  11 ice dragons
  2 hell beasts (Pan)
  36 vault guards
  A ghost crab (shapeshifter) (Depths:3)
  A ghost crab (Swamp:4)
  12 deep elf high priests
  15 naga warriors
  25 hydras
  A merfolk avatar (Zig:8)
  11 ogre magi
  12 anacondas
  7 monstrous demonspawn
  10 centaur warriors
  3 death yaks (Lair:6)
  3 spriggan air magi
  3 merfolk aquamancers (Zig:8)
  6 alligators
  2 tengu warriors
  6 death knights
  12 death scarabs
  4 deep troll shamans
  2 shock serpents (shapeshifter)
  4 hell hogs
  5 spriggan berserkers
  5 deep troll earth magi
  5 orc high priests
  3 vampire magi
  2 storm dragon zombies
  14 thrashing horrors
  5 shock serpents
  20 soul eaters
  An iron golem (Dis:7)
  3 titan zombies
  9 deep elf knights
  35 sun demons
  13 naga sharpshooters
  3 titan skeletons
  12 hell knights
  12 wretched stars
  67 skeletal warriors
  Sonja (D:12)
  A fire crab (shapeshifter) (Vaults:2)
  2 iron trolls
  16 shadow wraiths
  An iron troll (shapeshifter) (Vaults:5)
  An unseen horror (shapeshifter) (Depths:3)
  A sea snake (Zig:8)
  5 spatial maelstroms
  6 anaconda zombies
  9 gelid demonspawn (Pan)
  2 salamander mystics (Snake:2)
  2 spriggan druids (Zig:7)
  8 cherubim (Pan)
  An unseen horror (D:15)
  A deep troll (shapeshifter) (Depths:3)
  10 infernal demonspawn (Pan)
  10 shadow demons
  13 flayed ghosts
  17 deep trolls
  2 obsidian statues
  2 shambling mangroves
  6 putrid demonspawn (Pan)
  10 hill giants
  A ghost moth zombie (Tar:4)
  5 giant orange brains
  6 torturous demonspawn (Pan)
  A lindwurm (shapeshifter) (Vaults:5)
  3 anaconda skeletons
  2 shadow dragon zombies
  2 golden dragon zombies
  A hill giant (shapeshifter) (Zig:5)
  12 ironbrand convokers
  12 necromancers
  33 phantasmal warriors
  A harpy (shapeshifter) (Vaults:3)
  6 naga ritualists
  2 harpies
  12 swamp dragons
  14 deep elf archers
  A sphinx zombie (Vaults:1)
  9 anubis guards (Tomb:2)
  An orange crystal statue (Zig:4)
  A golden dragon skeleton (Tar:5)
  3 shadow dragon skeletons
  2 wolf spider zombies
  A frost giant zombie (Coc:7)
  4 hornets
  38 deep elf magi
  2 orb spiders (shapeshifter)
  11 orc sorcerers
  6 mana vipers
  A mana viper (shapeshifter) (Depths:3)
  10 wizards
  13 orc knights
  A wolf spider (shapeshifter) (Depths:3)
  44 ugly things
  A griffon (shapeshifter) (Vaults:5)
  3 cyclopes
  9 shining eyes
  A salamander (shapeshifter) (Abyss:3)
  2 iron dragon zombies
  An iron dragon skeleton (Zig:4)
  9 salamanders
  A moth of wrath (shapeshifter) (Depths:3)
  2 worldbinders
  7 stone giant zombies
  6 fire giant zombies
  A manticore (D:14)
  7 griffons
  3 dire elephant zombies
  2 shock serpent zombies
  20 rust devils
  2 ice statues (Hell)
  39 sixfirhies
  4 stone giant skeletons
  A manticore (shapeshifter) (Depths:3)
  A centaur zombie (D:13)
  37 smoke demons
  A frost giant skeleton (Coc:7)
  6 eyes of devastation
  3 elephants (Lair:3)
  2 fire giant skeletons
  12 vault sentinels
  5 titan simulacra (Coc:7)
  A black mamba (shapeshifter) (Vaults:1)
  29 black mambas
  Maurice (Orc:1)
  2 sirens (Zig:8)
  4 guardian serpents
  4 apocalypse crabs
  A torpor snail (Lair:6)
  27 naga magi
  A water nymph (shapeshifter) (Vaults:3)
  4 emperor scorpion zombies
  A dire elephant skeleton (Coc:1)
  2 gargoyles
  10 spiny frogs
  A yellow draconian zombie (Crypt:2)
  6 centaur skeletons
  4 storm dragon simulacra
  8 hellions
  2 kobold demonologists (Abyss:5)
  2 rime drakes (shapeshifter)
  3 rime drakes
  43 orange demons
  21 ice devils
  8 demonic crawlers
  9 efreet
  6 komodo dragons
  28 yaktaurs
  A komodo dragon (shapeshifter) (Vaults:1)
  A redback zombie (D:14)
  9 tormentors
  21 freezing wraiths
  2 anaconda simulacra (Coc:7)
  A purple draconian skeleton (Crypt:2)
  18 hellwings
  2 jumping spiders
  6 harpy zombies
  43 guardian mummies
  A polar bear (Lair:5)
  A polar bear (shapeshifter) (Depths:1)
  3 merfolk
  5 trolls
  6 hydra zombies
  A troll (shapeshifter) (Depths:3)
  A wolf spider simulacrum (D:15)
  6 ancient zymes
  9 giant leeches
  A queen bee (shapeshifter) (Depths:3)
  25 red devils
  A jumping spider (shapeshifter) (Vaults:3)
  24 raiju
  21 two-headed ogres
  A wind drake (shapeshifter) (Depths:3)
  6 hydra skeletons
  36 blink frogs
  3 ettin zombies
  84 slime creatures
  6 boulder beetles
  A two-headed ogre (shapeshifter) (Abyss:5)
  38 large abominations
  2 stone giant simulacra
  15 ushabtiu
  6 bog bodies
  2 ice dragon zombies
  2 fire dragon zombies
  33 flying skulls
  A boulder beetle (shapeshifter) (Depths:3)
  3 ice dragon skeletons
  A satyr skeleton (Crypt:1)
  4 air elementals
  2 alligator skeletons
  10 spriggans
  3 fire dragon skeletons
  34 ynoxinuls
  A spriggan (shapeshifter) (Depths:2)
  2 vampires
  8 shadows
  15 wraiths
  6 redbacks
  10 water elementals
  3 black mamba zombies
  An ettin skeleton (Abyss:3)
  32 yaks
  A tarantella (Abyss:4)
  3 wyverns
  9 fire elementals
  6 hippogriffs
  2 hogs (Swamp:2)
  A human (shapeshifter) (Depths:3)
  5 golden eyes (Slime:2)
  A hippogriff (shapeshifter) (Vaults:3)
  A golden eye (shapeshifter) (D:14)
  2 basilisks
  4 hungry ghosts
  19 vampire mosquitoes
  30 chaos spawn
  A human simulacrum (Vaults:2)
  17 swamp worms
  21 neqoxecs
  Menkaure (D:6)
  A soldier ant (shapeshifter) (Vaults:3)
  A swamp worm (shapeshifter) (Depths:3)
  7 insubstantial wisps
  46 nagas
  2 spatial vortices
  A naga (shapeshifter) (Depths:3)
  A soldier ant (D:11)
  A mottled dragon (D:14)
  8 wargs
  2 spiny frog zombies
  Duvessa (D:6)
  11 water moccasins
  7 hell hounds
  6 porcupines
  A giant eyeball (Zig:9)
  2 hydra simulacra (Coc:7)
  29 orc warriors
  A snapping turtle zombie (Crypt:3)
  An eye of draining (shapeshifter) (Depths:1)
  7 ice beasts
  2 swamp dragon zombies
  5 sky beasts
  11 swamp drakes
  19 wasps
  8 eyes of draining
  A black bear (D:12)
  An ettin simulacrum (Crypt:1)
  2 phantoms
  5 boggarts
  50 ogres
  6 wolves (D:10)
  A blink frog skeleton (Crypt:1)
  19 necrophages
  15 centaurs
  7 crocodiles
  8 giant frogs
  3 earth elementals (Elf:1)
  A yaktaur skeleton (WizLab)
  10 wyvern skeletons
  3 scorpions
  A spriggan zombie (Dis:7)
  Dowan (D:6)
  10 wights
  9 killer bees
  A hippogriff skeleton (Crypt:1)
  A troll skeleton (Dis:7)
  3 howler monkeys
  5 electric eels
  10 crimson imps
  40 starcursed masses
  2 jellies (D:13)
  24 orc priests
  15 small abominations
  5 hounds
  2 human zombies
  8 iron imps
  23 orc wizards
  A giant frog skeleton (D:7)
  9 iguanas
  2 human skeletons (Crypt:1)
  A porcupine zombie (Crypt:2)
  10 worker ants
  2 sheep (Lair:6)
  A tengu zombie (Coc:2)
  A centaur simulacrum (Crypt:1)
  A felid zombie (Crypt:2)
  A felid skeleton (Crypt:1)
  A hound zombie (D:8)
  2 hound skeletons
  37 mummies
  2 worker ant zombies
  6 gnolls (D:10)
  12 adders
  23 river rats
  A swamp drake zombie (Crypt:1)
  6 shadow imps
  18 white imps
  An ufetubus (Vaults:2)
  3 worms
  3 giant geckos
  79 orcs
  3 ball pythons
  8 bats
  7 giant cockroaches
  6 goblins
  9 hobgoblins
  10 jackals
  7 quokkas
  A giant gecko zombie (D:3)
  3 giant newts
  9 kobolds
  2 kobold skeletons
  An orc skeleton (Crypt:2)
  18 rats
  A plant (Lair:5)
  2 starspawn tentacles (Abyss:3)
  A starspawn tentacle segment (Abyss:3)
  3 tentacles (Hell)
  A withered plant (Crypt:3)
3396 creatures vanquished.

Vanquished Creatures (collateral kills)
  An acid blob (Slime:1)
  A deep elf high priest (Vaults:5)
  An anaconda simulacrum (Coc:7)
  A tarantella (Vaults:5)
  A redback (Vaults:5)
  A hippogriff (D:10)
  A neqoxec (Pan)
  A crocodile (D:10)
  An orc wizard (D:10)
  A giant gecko (D:10)
10 creatures vanquished.

Vanquished Creatures (others)
  2 liches
  A tengu reaver (Tomb:2)
  A deep elf elementalist (Elf:3)
  A deep elf annihilator (Vaults:5)
  13 dancing weapons
  2 ogre magi
  27 death scarabs (Tomb:2)
  A storm dragon zombie (Tomb:3)
  A deep elf knight (Elf:1)
  A stone giant zombie (Tomb:2)
  A stone giant skeleton (Tomb:2)
  A two-headed ogre (Depths:3)
  5 flying skulls (Tomb:2)
  2 humans (Swamp:2)
  A yak (D:9)
  2 small abominations
  A spiny frog zombie (Hell)
  A swamp drake (Swamp:4)
  A spiny frog skeleton (Hell)
  A manticore skeleton (Tomb:2)
  A boggart (Depths:1)
  A scorpion (D:9)
  A crimson imp (Hell)
  A centaur zombie (Hell)
  A starcursed mass (Abyss:5)
  An iron imp (Dis:7)
  A sheep (shapeshifter) (Zig:10)
  A mummy (Tomb:2)
  A shadow imp (Tar:4)
  5 ball lightnings (Pan)
  An orc (D:10)
  A bush (Lair:6)
  1055 eldritch tentacle segments
  3 fungi (Lair:6)
  6 lost souls
  2 lurking horrors
  2 plants
  71 spectral weapons
  20 starspawn tentacles
  232 starspawn tentacle segments
  A tentacle (Hell)
  18 tentacle segments (Hell)
  4 withered plants (Crypt:3)
1496 creatures vanquished.

Grand Total: 4902 creatures vanquished

Notes
Turn   | Place    | Note
--------------------------------------------------------------
     0 | D:1      | 4thArraOfDagon the Ogre Fighter began the quest for the Orb.
     0 | D:1      | Reached XP level 1. HP: 24/24 MP: 1/1
    44 | D:2      | Reached XP level 2. HP: 26/32 MP: 2/2
    91 | D:2      | Found a glowing silver altar of Zin.
    91 | D:2      | Found an opulent altar of Gozag.
   307 | D:2      | Became a worshipper of Gozag Ym Sagoz the Greedy
   487 | D:1      | Reached XP level 3. HP: 35/39 MP: 3/3
  1259 | D:1      | Reached XP level 4. HP: 43/49 MP: 4/4
  2054 | D:3      | Reached skill level 5 in Maces & Flails
  2280 | D:4      | Reached XP level 5. HP: 49/55 MP: 5/5
  2286 | D:4      | Reached skill level 5 in Fighting
  2558 | D:4      | Reached XP level 6. HP: 57/67 MP: 6/6
  2595 | D:5      | Entered Level 5 of the Dungeon
  2616 | D:5      | Found a stormy altar of Qazlal.
  2882 | D:5      | Found a staircase to the Ecumenical Temple.
  2925 | D:5      | Found a shadowy altar of Dithmenos.
  3087 | D:5      | Noticed an ice beast
  3099 | D:5      | Killed an ice beast
  3099 | D:5      | Reached skill level 1 in Evocations
  3099 | D:5      | Reached XP level 7. HP: 72/75 MP: 7/7
  3165 | D:6      | Noticed Duvessa
  3251 | D:6      | Found a deep blue altar of Sif Muna.
  3262 | D:6      | Noticed Menkaure
  3279 | D:6      | Killed Menkaure
  3473 | D:7      | Found a snail-covered altar of Cheibriados.
  3547 | D:7      | Reached XP level 8. HP: 51/83 MP: 9/9
  3559 | D:7      | no weapon :(
  3607 | D:7      | Found an oddly glowing altar of Pakellas.
  3695 | D:7      | Found Goragiuso's Food Emporium.
  3719 | D:7      | Found a white marble altar of Elyvilon.
  3752 | D:7      | magipi: hello
  3798 | D:7      | Reached skill level 10 in Maces & Flails
  3937 | D:8      | Found a shimmering altar of Xom.
  3938 | D:8      | magipi: god thoughts? makh?
  4177 | D:8      | magipi: omg, it's gozag
  4252 | D:8      | 4thArraOfDagon: hiiii
  4419 | D:8      | Learned a level 1 spell: Apportation
  4423 | D:8      | Learned a level 3 spell: Tukima's Dance
  4463 | D:8      | Noticed a two-headed ogre
  4464 | D:8      | magipi: sounds like suicide
  4468 | D:8      | Killed a two-headed ogre
  4581 | D:9      | Noticed a yak
  4581 | D:9      | Noticed a yak
  4584 | D:9      | Noticed a yak
  4592 | D:9      | Noticed a yak
  4605 | D:9      | Killed a yak
  4605 | D:9      | Reached XP level 9. HP: 45/89 MP: 11/11
  4637 | D:9      | Noticed tstbtto's ghost (journeyman CeBe)
  4689 | D:7      | 4thArraOfDagon: yeah
  4731 | D:7      | 4thArraOfDagon: i cant kill a thing
  4731 | D:7      | hypermopl: maybe less for a speedrun than usueal
  4777 | D:6      | Noticed Dowan
  4796 | D:6      | Killed Dowan
  5020 | D:8      | Found a sparkling altar of Nemelex Xobeh.
  5271 | D:9      | Found a shattered altar of Ashenzari.
  5329 | D:10     | Entered Level 10 of the Dungeon
  5659 | D:10     | hypermopl: why not quaff !benemut ?
  5712 | D:10     | Noticed a troll
  5761 | D:9      | magipi: I guess mut roulette first
  5846 | D:10     | Found a portal to a secret trove of treasure.
  5896 | D:10     | magipi: what does the trove want?
  5915 | D:10     | hypermopl: + GDA
  5928 | D:10     | hypermopl: +2
  5970 | D:10     | magipi: well, we won't have it
  6052 | D:10     | magipi: no hides
  6083 | D:10     | HP: 4/89 [electric eel/bolt of electricity (12)]
  6100 | D:9      | HP: 3/89 [scorpion (5)]
  6103 | D:9      | hypermopl: shop ? or floor item ;-)
  6223 | D:9      | 4thArraOfDagon: 1st shop is trash
  6300 | D:6      | hypermopl: got one already ?
  6302 | D:6      | 4thArraOfDagon: yes
  6302 | D:6      | 4thArraOfDagon: this
  6302 | D:6      | 4thArraOfDagon: :)
  6302 | D:6      | magipi: omg
  6302 | D:6      | hypermopl: wow
  6302 | D:6      | hypermopl: rude
  6658 | D:4      | Found a hazy altar of Hepliaklqana.
  6690 | D:6      | hypermopl: when crawl trolls you...
  6729 | D:6      | Found a radiant altar of Vehumet.
  6755 | D:6      | Reached skill level 5 in Evocations
  6971 | D:6      | Killed Duvessa
  7055 | D:7      | hypermopl: gtg
  7080 | D:9      | hypermopl: gl and see you
  7099 | D:9      | 4thArraOfDagon: dont need luck ^^
  7109 | D:9      | hypermopl: :D
  7234 | D:9      | Noticed a merfolk
  7246 | D:9      | Killed a merfolk
  7246 | D:9      | Reached XP level 10. HP: 38/98 MP: 14/14
  7280 | D:9      | 4thArraOfDagon: :)
  7307 | D:10     | magipi: why would you want a weapon shop??
  7673 | D:11     | Reached skill level 15 in Maces & Flails
  7718 | D:12     | Found a staircase to the Orcish Mines.
  7999 | D:11     | Noticed a hill giant
  8008 | D:11     | 7fails in row
  8038 | D:11     | Killed a hill giant
  8304 | D:11     | Noticed a gargoyle
  8310 | D:11     | Killed a gargoyle
  8317 | D:11     | Noticed a hill giant
  8334 | D:11     | Killed a hill giant
  8512 | D:11     | Reached XP level 11. HP: 59/105 MP: 15/15
  8697 | D:13     | Noticed a hill giant
  8706 | D:13     | Killed a hill giant
  8706 | D:13     | Reached skill level 1 in Armour
  8731 | D:12     | Found a glowing golden altar of the Shining One.
  8731 | D:12     | Noticed Sonja
  8845 | D:14     | Noticed a cyclops
  8882 | D:14     | Noticed a centaur warrior
  8896 | D:14     | Killed a centaur warrior
  8896 | D:14     | Reached skill level 2 in Armour
  8951 | D:14     | Noticed a manticore
  9010 | D:14     | Noticed Josephine
  9010 | D:14     | Noticed a skeletal warrior
  9028 | D:15     | Entered Level 15 of the Dungeon
  9028 | D:15     | Noticed a white ugly thing
  9045 | D:15     | Noticed a white ugly thing
  9053 | D:14     | Noticed a skeletal warrior
  9139 | D:15     | Noticed a white ugly thing
  9235 | D:15     | Noticed a centaur warrior
  9281 | D:15     | Noticed a hill giant
  9281 | D:15     | Noticed a hill giant
  9281 | D:15     | Noticed a cyclops
  9364 | D:14     | Noticed a skeletal warrior
  9365 | D:14     | Noticed a skeletal warrior
  9382 | D:13     | Noticed a hill giant
  9386 | D:13     | Noticed a hill giant
  9397 | D:13     | Killed a hill giant
  9404 | D:13     | Killed a hill giant
  9404 | D:13     | Reached skill level 3 in Armour
  9460 | D:13     | Found a gate to the Vaults.
  9460 | D:13     | Noticed a wizard
  9466 | D:13     | Killed a wizard
  9631 | D:13     | Noticed a deep elf mage
  9882 | D:13     | Killed a deep elf mage
 10120 | D:12     | Killed Sonja
 10120 | D:12     | Reached XP level 12. HP: 123/123 MP: 16/16
 10523 | Orc:1    | Entered Level 1 of the Orcish Mines
 10578 | Orc:1    | Noticed Maurice
 10598 | Orc:1    | Killed Maurice
 10598 | Orc:1    | Reached skill level 4 in Armour
 10758 | D:12     | Bought the +2 troll leather armour "Onwumoet" {MR++ Regen+} for 565 gold pieces
 10938 | Orc:2    | Entered Level 2 of the Orcish Mines
 10989 | Orc:2    | Noticed Nessos
 10993 | Orc:2    | magipi: oh shit
 10995 | Orc:2    | Found a roughly hewn altar of Beogh.
 11108 | Orc:1    | Learned a level 2 spell: Repel Missiles
 11111 | Orc:1    | Learned a level 2 spell: Swiftness
 11127 | Orc:2    | Found a staircase to the Elven Halls.
 11224 | Orc:2    | Killed Nessos
 11320 | Orc:2    | Reached skill level 1 in Spellcasting
 11382 | Orc:1    | Found Enaneerch's Food Shop.
 11670 | Orc:2    | Noticed an orc warlord
 11703 | Orc:2    | FelidMasterRace: Warlord too smart.
 11769 | Orc:2    | Noticed an orc high priest
 11784 | Orc:2    | Killed an orc high priest
 11784 | Orc:2    | Reached skill level 10 in Fighting
 11883 | Orc:2    | Noticed an orc high priest
 11900 | Orc:2    | Killed an orc high priest
 11900 | Orc:2    | Reached skill level 5 in Armour
 12152 | Orc:2    | Noticed an orc high priest
 12157 | Orc:2    | Killed an orc high priest
 12308 | Orc:2    | Reached XP level 13. HP: 122/135 MP: 18/18
 12622 | Orc:2    | Found Xaemuo's General Store.
 12624 | Orc:2    | Found Ogatef's Jewellery Shoppe.
 12627 | Orc:2    | Found Xerphuops's Antique Armour Shoppe.
 12627 | Orc:2    | Found Exoudiu's Antique Weapon Emporium.
 12631 | Orc:2    | Bought a glowing cloak for 144 gold pieces
 12643 | Orc:2    | Bought a runed giant club for 54 gold pieces
 12657 | Orc:2    | Bought the ring "Emaod" {rPois rN+ MR+ Dex+4} for 536 gold pieces
 12659 | Orc:2    | Bought a scroll of fear for 49 gold pieces
 12659 | Orc:2    | Bought a scroll of identify for 28 gold pieces
 12672 | Orc:2    | jacquesderrida: reeeeeee
 12676 | Orc:2    | Reached skill level 5 in Dodging
 12731 | Orc:2    | Learned a level 1 spell: Summon Butterflies
 13599 | D:14     | Reached skill level 5 in Spellcasting
 13614 | D:14     | Noticed Snorg
 13657 | D:15     | Got a jewelled whip {drain}
 13660 | D:15     | Identified the +6 whip "Itoenar" {drain, rElec rN++ Int+2 Stlth+} (You took it off a centaur warrior on level 15 of the Dungeon)
 13676 | D:15     | Reached skill level 6 in Armour
 13884 | D:15     | Found an oddly glowing altar of Pakellas.
 14024 | D:15     | Reached skill level 1 in Translocations
 14030 | D:15     | Found a staircase to the Depths.
 14630 | D:10     | Found a staircase to the Lair.
 14695 | Lair:1   | Entered Level 1 of the Lair of Beasts
 14818 | Lair:2   | Found a staircase to the Swamp.
 14855 | Lair:2   | Reached XP level 14. HP: 44/148 MP: 22/22
 14937 | Lair:2   | WTf
 15051 | Lair:1   | Found a stormy altar of Qazlal.
 15144 | Lair:1   | You fall through a shaft!
 15362 | Lair:2   | Bought an embroidered robe for 19 gold pieces
 15362 | Lair:2   | Bought an embroidered cloak for 126 gold pieces
 15863 | Lair:5   | Reached skill level 7 in Armour
 15924 | Lair:5   | Found a labyrinth entrance.
 15932 | Lair:5   | :)
 15938 | Lair:5   | magipi: fck
 15991 | Lair:5   | Identified a scroll of acquirement
 15992 | Lair:5   | Got a translucent cloak
 16003 | Lair:5   | Identified the +2 cloak "Hemeik" {Dex+4 Slay-6} (You acquired it on level 5 of the Lair of Beasts)
 16013 | Lair:5   | :)
 16399 | Lair:6   | Entered Level 6 of the Lair of Beasts
 16483 | Lair:6   | Noticed a dire elephant
 16492 | Lair:6   | Killed a dire elephant
 16679 | Lair:6   | Found a burning altar of Makhleb.
 16855 | Lair:6   | Found a gateway to Hell.
 16929 | Lair:6   | Reached XP level 15. HP: 117/158 MP: 24/24
 17001 | Lair:3   | Noticed Rupert
 17029 | Lair:3   | Killed Rupert
 17132 | Lair:4   | Found a staircase to the Snake Pit.
 17190 | Lair:5   | :/
 17225 | Lair:6   | Reached skill level 8 in Armour
 17279 | Lair:6   | Found a staircase to the Slime Pits.
 17279 | Lair:6   | Found a viscous altar of Jiyva.
 17334 | Lair:6   | Learned a level 6 spell: Statue Form
 17562 | Snake:1  | Entered Level 1 of the Snake Pit
 17649 | Snake:1  | FelidMasterRace: Wow.
 17649 | Snake:1  | FelidMasterRace: Just wow.
 17649 | Snake:1  | 4thArraOfDagon: yeah
 17649 | Snake:1  | 4thArraOfDagon: Cofik
 17649 | Snake:1  | 4thArraOfDagon: stylish name!!!
 18536 | Snake:2  | Gained mutation: You are robust. (+10% HP) [potion of mutation]
 18536 | Snake:2  | Gained mutation: You passively map a small area around you. [potion of mutation]
 18536 | Snake:2  | Gained mutation: Your muscles are strong. (Str +2) [potion of mutation]
 18537 | Snake:2  | Gained mutation: Your spells are a little harder to cast, but a little more powerful. [potion of beneficial mutation]
 18538 | Snake:2  | Gained mutation: You are partially covered in molten scales. (AC +1) [potion of beneficial mutation]
 18539 | Snake:2  | magipi: you should stop with maces skill
 18539 | Snake:2  | 4thArraOfDagon: i want 26 for gclubs
 18539 | Snake:2  | 4thArraOfDagon: idk
 18539 | Snake:2  | magipi: 22 is min delay for GSC
 18546 | Snake:2  | 4thArraOfDagon: wut
 18546 | Snake:2  | magipi: also, throw away stupid flame wands
 18546 | Snake:2  | 4thArraOfDagon: w00t
 18590 | Snake:2  | magipi: also, don't tell me you enchanted a giant non-spiked club
 18709 | Snake:2  | Reached skill level 9 in Armour
 18736 | Snake:2  | 4thArraOfDagon: naa
 18736 | Snake:2  | 4thArraOfDagon: it was in the shop
 18744 | Snake:2  | jacquesderrida: >>>>>>>>>>>>>>>>>>>>>>>master advices
 18753 | Snake:2  | jacquesderrida: AYYYYYY
 19179 | Snake:3  | Noticed Nikola
 19183 | Snake:2  | 4thArraOfDagon: ayyyy
 19243 | Snake:2  | Reached skill level 10 in Armour
 19336 | Snake:2  | Reached XP level 16. HP: 113/187 MP: 25/25
 19443 | Snake:3  | jacquesderrida: NO TURNING BAKK
 19447 | Snake:3  | Found a shimmering altar of Xom.
 19490 | Snake:3  | jacquesderrida: ONLY TURNING DIAGONAL
 19518 | Snake:3  | jacquesderrida: Reeeee
 19518 | Snake:3  | Noticed a greater naga
 19534 | Snake:3  | Killed a greater naga
 19535 | Snake:3  | Noticed Vashnia
 19545 | Snake:2  | magipi: vashnia?
 19703 | Snake:3  | Killed Vashnia
 19703 | Snake:3  | Reached skill level 11 in Armour
 19781 | Snake:2  | jacquesderrida: vishnia
 19985 | Snake:3  | 4thArraOfDagon: vashing
 20022 | Snake:3  | Noticed Asterion
 20041 | Snake:3  | Noticed an Executioner
 20057 | Snake:3  | Killed Asterion
 20223 | Snake:3  | Reached skill level 12 in Armour
 20447 | Snake:1  | Bought the +12 pearl dragon armour "Cofik" {rF+ rN+ Regen+ Dex-4} for 2395 gold pieces
 20566 | Snake:3  | Killed Nikola
 20657 | Snake:4  | Entered Level 4 of the Snake Pit
 20657 | Snake:4  | Noticed Aizul
 20676 | Snake:3  | Killed Aizul
 20694 | Snake:4  | Noticed a greater naga
 20728 | Snake:4  | Found Itozosh's General Store.
 20763 | Snake:4  | Found a radiant altar of Vehumet.
 20818 | Snake:4  | Killed a greater naga
 20926 | Snake:4  | magipi: whzat is your body armour?
 20981 | Snake:4  | 4thArraOfDagon: minor piece of metal
 20991 | Snake:4  | Noticed Jorgrun
 21000 | Snake:4  | magipi: oh crap
 21010 | Snake:4  | Killed Jorgrun
 21010 | Snake:4  | Reached skill level 13 in Armour
 21154 | Snake:4  | Reached XP level 17. HP: 155/198 MP: 26/26
 21155 | Snake:4  | 4thArraOfDagon: check armour
 21587 | Snake:4  | Reached skill level 15 in Fighting
 21680 | Snake:4  | Got a serpentine rune of Zot
 21719 | Snake:4  | magipi: wow
 21733 | Snake:4  | magipi: i must have missed it when I went to the kitchen for beer
 21985 | Swamp:1  | Entered Level 1 of the Swamp
 22098 | Swamp:1  | Reached skill level 14 in Armour
 22527 | Swamp:2  | Noticed Kirke
 22527 | Swamp:2  | Noticed Frances
 22542 | Swamp:2  | Killed Kirke
 22554 | Swamp:2  | Killed Frances
 22789 | Swamp:4  | Entered Level 4 of the Swamp
 23081 | Swamp:4  | Noticed Roxanne
 23101 | Swamp:4  | Killed Roxanne
 23101 | Swamp:4  | Reached XP level 18. HP: 212/215 MP: 27/27
 23178 | Swamp:4  | Reached skill level 15 in Armour
 23462 | Swamp:4  | Got a decaying rune of Zot
 23477 | Swamp:4  | meh
 23899 | Elf:1    | Entered Level 1 of the Elven Halls
 24349 | Elf:1    | Got a crude bone ring
 24351 | Elf:1    | Identified the ring "Lahasiti" {+Fly rPois rF- rN+} (You found it on level 1 of the Elven Halls)
 24526 | Elf:3    | Entered Level 3 of the Elven Halls
 24762 | Elf:3    | Reached skill level 16 in Armour
 24866 | Elf:3    | Reached XP level 19. HP: 223/229 MP: 21/28
 25326 | Elf:3    | Identified the +0 battleaxe "Impbane" {freeze, +Blink MR+ MP-9 Stlth+} (You took it off a deep elf annihilator on level 3 of the Elven Halls)
 25373 | Elf:3    | Got a transparent cloak
 25470 | Elf:3    | Got a bound glass ring
 25474 | Elf:3    | Learned a level 2 spell: Blink
 25479 | Elf:3    | Learned a level 4 spell: Passage of Golubria
 25480 | Elf:3    | Identified the ring of Ijomaec {rF- Dex+5 Stlth-} (You found it on level 3 of the Elven Halls)
 25494 | Elf:3    | Identified the +1 cloak of Lugonu's Indignation {rF- Regen+ rCorr Str+4} (You found it on level 3 of the Elven Halls)
 25945 | Slime:1  | Entered Level 1 of the Pits of Slime
 25994 | Slime:2  | Noticed Dissolution
 25995 | Slime:2  | hi
 25995 | Slime:2  | magipi: dissolution, wow
 26270 | Slime:2  | Lost mutation: You are robust. (+10% HP) [a shining eye]
 26346 | Slime:2  | Reached skill level 17 in Armour
 26599 | Slime:5  | Entered Level 5 of the Pits of Slime
 26601 | Slime:5  | 4thArraOfDagon: uhh
 26624 | Slime:5  | hypermopl: what's the TRJ plan ?
 26624 | Slime:5  | 4thArraOfDagon: torment+immo
 26752 | Slime:5  | hypermopl: the best one :D
 26858 | Slime:5  | Gained mutation: Your magical capacity is low. (-10% MP) [a shining eye]
 26867 | Slime:5  | Gained mutation: Armour fits poorly on your strangely shaped body. [a shining eye]
 26897 | Slime:5  | Reached XP level 20. HP: 148/223 MP: 26/26
 26918 | Slime:5  | 4thArraOfDagon: uhh
 26918 | Slime:5  | 4thArraOfDagon: need pots
 26922 | Slime:5  | Bought a shiny shield for 157 gold pieces
 26968 | Slime:5  | hypermopl: # plz
 27070 | Slime:5  | hypermopl: thx
 27070 | Slime:5  | 4thArraOfDagon: there ya go
 27097 | Slime:5  | hypermopl: very nice PDA oO
 27097 | Slime:5  | 4thArraOfDagon: ye it was quite cheap!
 27097 | Slime:5  | 4thArraOfDagon: surpisingly
 27104 | Slime:5  | Found a viscous altar of Jiyva.
 27233 | Slime:5  | Noticed the Royal Jelly
 27269 | Slime:5  | Killed the Royal Jelly
 27272 | Slime:5  | magipi: wow
 27272 | Slime:5  | 4thArraOfDagon: there
 27280 | Slime:5  | hypermopl: love it
 27289 | Slime:5  | Reached skill level 18 in Armour
 27377 | Slime:5  | Got a jewelled whip
 27378 | Slime:5  | Identified the cursed +0 whip of Anguish {drain, MP+9 Str+2 Int+4} (You found it on level 5 of the Pits of Slime)
 27423 | Slime:5  | Got a slimy rune of Zot
 27730 | Vaults:1 | Entered Level 1 of the Vaults
 28159 | Vaults:2 | You fall through a shaft!
 28257 | Vaults:3 | Found a magical portal.
 28274 | WizLab   | Entered The Roulette of Golubria
 28276 | WizLab   | Found a corrupted altar of Lugonu.
 28473 | WizLab   | Identified Golubria's Incunabulum of the Traveller (You found it in a wizard's laboratory)
 28974 | Vaults:3 | Reached XP level 21. HP: 194/239 MP: 27/27
 28998 | Vaults:3 | Reached skill level 19 in Armour
 29101 | Vaults:3 | Paralysed by a giant eyeball for 2 turns
 29470 | Vaults:3 | Learned a level 5 spell: Silence
 29859 | Vaults:3 | Gained mutation: Your natural rate of healing is unusually fast. [potion of mutation]
 29859 | Vaults:3 | Gained mutation: You have sharp toenails. [potion of mutation]
 29859 | Vaults:3 | Gained mutation: Your flesh is heat resistant. (rF+) [potion of mutation]
 29978 | Vaults:2 | Reached skill level 1 in Hexes
 30107 | Vaults:4 | Reached skill level 1 in Air Magic
 30347 | Vaults:5 | Entered Level 5 of the Vaults
 30350 | Vaults:5 | Noticed a golden dragon
 30365 | Vaults:5 | 4thArraOfDagon: sry, connection problem
 30425 | Vaults:5 | Reached XP level 22. HP: 167/252 MP: 29/29
 30586 | Vaults:5 | Reached skill level 20 in Armour
 30606 | Vaults:5 | FelidMasterRace: Are giant clubs too mainstream?
 30749 | Vaults:5 | Noticed an ancient lich
 30847 | Vaults:5 | jacquesderrida: >>>>>>>>>>>>>>>>>>>>>>>>>>>>>>>+6 whip
 30852 | Vaults:5 | jacquesderrida: Ayyyyyyyyyyyyyyyyyyyyyyyyyyyy
 30888 | Vaults:5 | Reached skill level 5 in Hexes
 30898 | Vaults:5 | FelidMasterRace: > starving
 30920 | Vaults:5 | Got a silver rune of Zot
 30925 | Vaults:5 | jacquesderrida: >>>>>>>>>>>>>starring: +6 whip
 30976 | Vaults:5 | Reached skill level 5 in Air Magic
 31138 | Vaults:5 | Identified a +7 rod of inaccuracy (14/14) (You found it on level 5 of the Vaults)
 31174 | Vaults:5 | FelidMasterRace: Finally, a real weapon.
 31407 | Vaults:5 | Reached XP level 23. HP: 151/262 MP: 32/32
 31451 | Vaults:5 | Got a smoking amber ring
 31453 | Vaults:5 | Identified the ring "Uzyxouja" {*Tele Str+5} (You found it on level 5 of the Vaults)
 31923 | Vaults:5 | Killed a golden dragon
 31980 | Vaults:3 | Bought a potion of heal wounds for 75 gold pieces
 31980 | Vaults:3 | Bought a potion of magic for 120 gold pieces
 31980 | Vaults:3 | Bought a potion of haste for 150 gold pieces
 31980 | Vaults:3 | Bought a potion of heal wounds for 75 gold pieces
 31980 | Vaults:3 | Bought a potion of cancellation for 120 gold pieces
 31980 | Vaults:3 | Bought 2 potions of magic for 240 gold pieces
 31980 | Vaults:3 | Bought a potion of agility for 60 gold pieces
 31991 | Vaults:3 | Bought the ring of Doys {Ice rN+} for 687 gold pieces
 31991 | Vaults:3 | Bought the ring of Axouhui {Ice rElec} for 741 gold pieces
 32047 | Vaults:3 | Found a staircase to the Crypt.
 32063 | Crypt:1  | Entered Level 1 of the Crypt
 32284 | Crypt:1  | Noticed Bai Suzhen
 32297 | Crypt:1  | Killed Bai Suzhen
 32305 | Crypt:1  | Killed the ghostly Bai Suzhen
 32365 | Crypt:1  | Learned a level 2 spell: Passwall
 32417 | Crypt:1  | You fall through a shaft!
 32711 | Crypt:2  | Reached skill level 10 in Spellcasting
 32855 | Crypt:3  | Entered Level 3 of the Crypt
 33381 | Crypt:3  | Found a basalt altar of Yredelemnul.
 33394 | Crypt:3  | Reached XP level 24. HP: 288/288 MP: 34/34
 33753 | Crypt:3  | Identified the Reference Book on Hurtful Clay (You found it on level 3 of the Crypt)
 33754 | Crypt:3  | Got a sparkling emerald amulet
 33756 | Crypt:3  | Identified the amulet of the Scavenger {Regen+ Str+3 Dex+2 SInv} (You found it on level 3 of the Crypt)
 33758 | Crypt:3  | Got an ancient glass ring
 33760 | Crypt:3  | Identified the ring "Volot" {rN+ Dex+7} (You found it on level 3 of the Crypt)
 34029 | Crypt:3  | Found a staircase to the Tomb.
 34091 | Tomb:1   | Entered Level 1 of the Tomb of the Ancients
 34348 | Tomb:1   | Noticed a greater mummy
 34394 | Tomb:1   | Killed a greater mummy
 34394 | Tomb:1   | Reached skill level 21 in Armour
 34672 | Tomb:2   | Noticed a greater mummy
 34672 | Tomb:2   | Noticed a greater mummy
 34672 | Tomb:2   | Noticed Sojobo
 34673 | Tomb:2   | uhh
 34683 | Tomb:2   | Frenchrax: what
 34684 | Tomb:2   | Frenchrax: what
 34688 | Tomb:2   | Frenchrax: are you doing?
 34691 | Tomb:2   | Frenchrax: tomb at xl25
 34691 | Tomb:2   | Frenchrax: damnice
 34691 | Tomb:2   | Killed Sojobo
 34745 | Tomb:2   | jacquesderrida: no u
 34867 | Tomb:3   | Entered Level 3 of the Tomb of the Ancients
 34873 | Tomb:3   | murphy: i think u forgot to change weapons
 34873 | Tomb:3   | 4thArraOfDagon: uhh
 34915 | Tomb:3   | Noticed Frederick
 34953 | Tomb:2   | Reached skill level 5 in Translocations
 34972 | Tomb:3   | Noticed a greater mummy
 34972 | Tomb:3   | Noticed a greater mummy
 35065 | Tomb:2   | Killed Frederick
 35146 | Tomb:3   | Noticed a greater mummy
 35146 | Tomb:3   | Noticed a greater mummy
 35213 | Tomb:3   | Noticed an ancient lich
 35217 | Tomb:3   | Noticed a greater mummy
 35324 | Tomb:3   | Noticed a greater mummy
 35324 | Tomb:3   | Noticed a greater mummy
 35378 | Tomb:3   | Noticed a greater mummy
 35509 | Tomb:2   | Killed a greater mummy
 35521 | Tomb:2   | Killed a greater mummy
 35521 | Tomb:2   | Reached skill level 10 in Dodging
 35521 | Tomb:2   | Reached XP level 25. HP: 30/299 MP: 30/36
 35535 | Tomb:2   | Killed a greater mummy
 35678 | Tomb:2   | Killed an ancient lich
 35697 | Tomb:2   | Killed a greater mummy
 35701 | Tomb:2   | Killed a greater mummy
 35810 | Tomb:2   | Killed a greater mummy
 35891 | Tomb:2   | Killed a greater mummy
 35923 | Tomb:2   | Killed a greater mummy
 36094 | Tomb:3   | magipi: brand weapon?
 36186 | Tomb:3   | Got a golden rune of Zot
 36239 | Tomb:3   | Got a sparkling steel amulet
 36239 | Tomb:3   | Got a vibrating turquoise ring
 36240 | Tomb:3   | Identified the amulet "Neazeda" {+Rage rN+ Str+3 Dex+2 SInv} (You found it on level 3 of the Tomb of the Ancients)
 36242 | Tomb:3   | Identified the ring of Niumne {rPois Dex+2} (You found it on level 3 of the Tomb of the Ancients)
 36346 | Tomb:1   | Noticed a greater mummy
 36346 | Tomb:1   | Noticed a greater mummy
 36346 | Tomb:1   | Noticed a greater mummy
 36346 | Tomb:1   | Noticed a greater mummy
 36411 | Crypt:3  | 4thArraOfDagon: im done for today
 36411 | Crypt:3  | jacquesderrida: Reeeeeee
 36412 | Crypt:3  | Upgraded the game from 0.19-a0-706-g03de5d9 to 0.19-a0-713-g934ebc7
 37012 | Depths:1 | Entered Level 1 of the Depths
 37179 | Depths:1 | Found a one-way gate to the infinite horrors of the Abyss.
 37261 | Depths:2 | Found a gateway to a ziggurat.
 37521 | Depths:2 | Reached skill level 15 in Dodging
 37565 | Depths:2 | Reached XP level 26. HP: 291/302 MP: 36/36
 37566 | Depths:2 | Noticed a juggernaut
 37590 | Depths:2 | Killed a juggernaut
 37630 | Depths:2 | Identified Eqitea's Catalogue of Attacks and the Frostbite (You found it on level 2 of the Depths)
 37768 | Depths:3 | Found a one-way gate leading to the halls of Pandemonium.
 37799 | Depths:3 | Found Allop's Gadget Shop.
 37851 | Depths:3 | Found Kubahuil's Book Shoppe.
 37899 | Depths:3 | Found a flickering gateway to a bazaar.
 37917 | Bazaar   | Entered a bazaar
 37927 | Bazaar   | Found Vinieh's Book Shop.
 37927 | Bazaar   | Found Azoor's General Store.
 37935 | Bazaar   | Bought a scroll of acquirement for 832 gold pieces
 37948 | Bazaar   | Bought a book of Battle for 400 gold pieces
 37952 | Bazaar   | Learned a level 3 spell: Spectral Weapon
 37956 | Bazaar   | Learned a level 3 spell: Regeneration
 37959 | Bazaar   | Learned a level 2 spell: Song of Slaying
 37985 | Bazaar   | Found Ocegy's Magic Scroll Shop.
 37985 | Bazaar   | Found Xiowk's Weapon Boutique.
 37993 | Bazaar   | Bought a scroll of magic mapping for 45 gold pieces
 37993 | Bazaar   | Bought a scroll of enchant armour for 97 gold pieces
 37993 | Bazaar   | Bought a scroll of magic mapping for 45 gold pieces
 37993 | Bazaar   | Bought a scroll of enchant weapon for 97 gold pieces
 37993 | Bazaar   | Bought a scroll of identify for 26 gold pieces
 37993 | Bazaar   | Bought a scroll of fog for 26 gold pieces
 38820 | Depths:3 | Got a vibrating crystal amulet
 38912 | Depths:2 | Reached skill level 1 in Charms
 38912 | Depths:2 | Reached skill level 1 in Necromancy
 39076 | D:10     | You paid a toll of a +2 gold dragon armour to enter a treasure trove
 39077 | Trove    | Entered a treasure trove
 39085 | Trove    | Got a smoking golden amulet
 39100 | Trove    | Identified the amulet of Onler {Dismiss Dex+5} (You found it on level 3 of the Depths)
 39102 | Trove    | Got a brightly glowing steel ring
 39104 | Trove    | Identified the ring "Izoluq" {+Fly rPois rN++ Str+8 Slay-3} (You found it in a treasure trove)
 39110 | Trove    | Got a sapphire giant club
 39110 | Trove    | Got an ancient large shield
 39114 | Trove    | Learned a level 2 spell: Sublimation of Blood
 39114 | Trove    | Identified the +4 giant club "Pawkituw" {drain, rElec rPois MR+ Dex+3} (You found it in a treasure trove)
 39123 | Trove    | Identified the +1 large shield of Theory {rElec rCorr Str+2} (You found it in a treasure trove)
 39286 | Zig:1    | Entered Level 1 of a ziggurat
 39305 | Zig:2    | Entered Level 2 of a ziggurat
 39340 | Zig:3    | Entered Level 3 of a ziggurat
 39342 | Zig:3    | Noticed a greater mummy
 39356 | Zig:3    | Killed a greater mummy
 39383 | Zig:3    | Identified the amulet "Vyol" {+Rage rC+ rN+ Str-3 Dex+8} (You found it in a treasure trove)
 39391 | Zig:4    | Entered Level 4 of a ziggurat
 39449 | Zig:4    | Reached XP level 27. HP: 225/311 MP: 35/36
 39484 | Zig:5    | Entered Level 5 of a ziggurat
 39531 | Zig:5    | Got a glittering pewter ring
 39532 | Zig:5    | Identified the ring of Mipsamihih {rC+ Dex+4} (You found it on level 5 of a ziggurat)
 39538 | Zig:6    | Entered Level 6 of a ziggurat
 39603 | Zig:6    | Identified the ring of Temperance {rCorr +Blink rElec Int-3 Slay+3} (You found it on level 6 of a ziggurat)
 39610 | Zig:7    | Entered Level 7 of a ziggurat
 39677 | Zig:7    | Got a shimmering lead amulet
 39678 | Zig:7    | Identified the amulet "Ewofram" {Faith Str+3} (You found it on level 7 of a ziggurat)
 39680 | Zig:7    | Got a smoking ivory ring
 39682 | Zig:7    | Identified the ring of Kygoecaas {MP+9 Dex+2 Stlth+} (You found it on level 7 of a ziggurat)
 39700 | Zig:7    | Identified Further Steps in Casting (You found it on level 7 of a ziggurat)
 39718 | Zig:8    | Entered Level 8 of a ziggurat
 39825 | Zig:9    | Entered Level 9 of a ziggurat
 39875 | Zig:9    | Gained mutation: You are frail. (-10% HP) [a shining eye]
 39911 | Zig:9    | Got a vibrating golden ring
 39916 | Zig:9    | Identified the ring of Mups {*Confuse +Blink rF+ SInv Stlth-} (You found it on level 9 of a ziggurat)
 39996 | Pan      | Entered Pandemonium
 40036 | Pan      | Frenchrax: how the hell do you get an ogre through early game?
 40105 | Pan      | 4thArraOfDagon: hmm
 40105 | Pan      | 4thArraOfDagon: was kinda slow i guess
 40105 | Pan      | Frenchrax: i always die
 40105 | Pan      | 4thArraOfDagon: and got gozag asap
 40105 | Pan      | Frenchrax: for example d5 yaks
 40105 | Pan      | 4thArraOfDagon: well it takes lots of abusing
 40105 | Pan      | Frenchrax: i also lost a 13 rune character :D
 40105 | Pan      | 4thArraOfDagon: stair dancing, pillar dancing etc
 40106 | Pan      | Frenchrax: Hooray for x7 torment and hellfire!
 40171 | Pan      | Noticed Sebaef the pandemonium lord
 40182 | Pan      | Killed Sebaef the pandemonium lord
 40296 | Pan      | Entered the realm of Gloorx Vloq.
 40367 | Pan      | Reached skill level 22 in Armour
 40377 | Pan      | 4thArraOfDagon: where did you die
 40504 | Pan      | Noticed Gloorx Vloq
 40521 | Pan      | Frenchrax: dis
 40522 | Pan      | Frenchrax: Chei is good but you gotta play careful
 40540 | Pan      | Got a dark rune of Zot
 40613 | Pan      | Noticed Tecylaol the pandemonium lord
 40659 | Pan      | Killed Tecylaol the pandemonium lord
 40695 | Pan      | Entered the realm of Mnoleg.
 40713 | Pan      | Got a bloodstained cloak
 40745 | Pan      | Gained mutation: You expend magic power (3 MP) to strengthen your wands. [a cacodemon]
 40787 | Pan      | Identified the cursed +0 cloak "Gouheud" {Str+2 Int+2} (You found it in Pandemonium)
 40834 | Pan      | Frenchrax: gl
 40874 | Pan      | Gained mutation: Scrolls take you a little longer to read. [a neqoxec]
 41075 | Pan      | Noticed Mnoleg
 41081 | Pan      | Got a glowing rune of Zot
 41094 | Pan      | Gained mutation: You are clumsy. (Dex -2) [a cacodemon]
 41196 | Pan      | Noticed Gloorx Vloq
 41235 | Pan      | Found an exit through the horrors of the Abyss.
 41320 | Pan      | Reached skill level 23 in Armour
 41342 | Pan      | Noticed Usoaned the pandemonium lord
 41365 | Pan      | Killed Usoaned the pandemonium lord
 41431 | Pan      | Noticed Mnoleg
 41459 | Pan      | Gained mutation: You are very clumsy. (Dex -4) [a cacodemon]
 41462 | Pan      | Found an exit through the horrors of the Abyss.
 41491 | Pan      | Took an exit into the Abyss.
 41491 | Abyss:1  | Escaped into the Abyss
 41502 | Abyss:2  | Found a corrupted altar of Lugonu.
 41563 | Depths:3 | Escaped the Abyss
 41565 | Pan      | Entered Pandemonium
 41576 | Pan      | Noticed Ciko the pandemonium lord
 41596 | Pan      | magipi: the most unlikely character is still alive!
 41636 | Pan      | magipi: still a giant club instead of GSC?
 41844 | Pan      | Noticed Cusapiog the pandemonium lord
 41885 | Pan      | Killed Cusapiog the pandemonium lord
 41914 | Pan      | 4thArraOfDagon: o hi
 41997 | Pan      | 4thArraOfDagon: yah
 41997 | Pan      | 4thArraOfDagon: i dont really understand why im still alive
 41997 | Pan      | 4thArraOfDagon: gozag gives you no advantage at all!
 41999 | Pan      | Noticed Gloorx Vloq
 42017 | Pan      | magipi: was that Gloorx?
 42093 | Pan      | futacatgirl: ща бы метал послушать
 42215 | Pan      | 4thArraOfDagon: fta
 42228 | Pan      | futacatgirl: надоело зигу чистить?
 42241 | Pan      | Reached skill level 24 in Armour
 42283 | Pan      | 4thArraOfDagon: gavarit ale niepojmajet
 42346 | Pan      | futacatgirl: :P
 42364 | Pan      | Gained mutation: You are occasionally teleported next to monsters. [a cacodemon]
 42633 | Pan      | Noticed Defene the pandemonium lord
 42634 | Pan      | DISCO
 42634 | Pan      | magipi: wow
 42642 | Pan      | DISCOTEK
 42727 | Pan      | Noticed Lagroxed the pandemonium lord
 42740 | Pan      | Killed Lagroxed the pandemonium lord
 42879 | Pan      | magipi: so there are DS berserkers in Pan now?
 42923 | Pan      | Noticed Gloorx Vloq
 43058 | Pan      | Noticed Qaimma the pandemonium lord
 43074 | Pan      | magipi: how many runes?
 43176 | Pan      | 4thArraOfDagon: 7
 43184 | Pan      | Reached skill level 25 in Armour
 43196 | Pan      | Lost mutation: Armour fits poorly on your strangely shaped body. [potion of cure mutation]
 43196 | Pan      | Lost mutation: Your magical capacity is low. (-10% MP) [potion of cure mutation]
 43196 | Pan      | Lost mutation: Your flesh is heat resistant. (rF+) [potion of cure mutation]
 43283 | Pan      | Killed Qaimma the pandemonium lord
 43294 | Pan      | Noticed Gloorx Vloq
 43301 | Pan      | HP: 13/286 [??? (4)]
 43301 | Pan      | HP: 5/286 [reaper/antimagic scythe (8)]
 43415 | Pan      | Entered the realm of Cerebov.
 43472 | Pan      | 4thArraOfDagon: the shit's getting clutchy
 43487 | Pan      | Noticed Gloorx Vloq
 43774 | Pan      | Got a slimy golden ring
 43786 | Pan      | Identified the ring of Qazlal's Generosity {MR+ Int+2} (You took it off a balrug in Pandemonium)
 43798 | Pan      | Noticed Cerebov
 43806 | Pan      | Got a fiery rune of Zot
 43841 | Pan      | Noticed Tefevat the pandemonium lord
 43875 | Pan      | Gained mutation: You tend to lose your temper in combat. [a cacodemon]
 43900 | Pan      | Found an exit through the horrors of the Abyss.
 43952 | Pan      | Took an exit into the Abyss.
 43952 | Abyss:1  | Escaped into the Abyss
 43990 | Abyss:1  | Paralysed by accursed screaming for 1 turns
 44161 | Abyss:1  | Found a sacrificial altar of Ru.
 44187 | Depths:3 | Escaped the Abyss
 44190 | Depths:3 | Bought a scroll of blinking for 360 gold pieces
 44192 | Depths:3 | Bought a scroll of magic mapping for 66 gold pieces
 44194 | Pan      | Entered Pandemonium
 44198 | Pan      | Noticed Yganog the pandemonium lord
 44251 | Pan      | :(
 44257 | Pan      | Noticed a seraph
 44261 | Pan      | Got a demonic rune of Zot
 44409 | Pan      | Lost mutation: You are frail. (-10% HP) [potion of cure mutation]
 44409 | Pan      | Lost mutation: You have sharp toenails. [potion of cure mutation]
 44409 | Pan      | Lost mutation: You tend to lose your temper in combat. [potion of cure mutation]
 44409 | Pan      | Lost mutation: You are very clumsy. (Dex -4) [potion of cure mutation]
 44409 | Pan      | Lost mutation: You are occasionally teleported next to monsters. [potion of cure mutation]
 44413 | Pan      | Found a glowing silver altar of Zin.
 44587 | Pan      | Reached skill level 26 in Armour
 44760 | Depths:3 | Escaped Pandemonium
 44763 | Pan      | Entered Pandemonium
 44800 | Pan      | Found an exit through the horrors of the Abyss.
 44817 | Pan      | Took an exit into the Abyss.
 44817 | Abyss:1  | Escaped into the Abyss
 44820 | Abyss:1  | Found a corrupted altar of Lugonu.
 44826 | Depths:3 | Escaped the Abyss
 44828 | Pan      | Entered Pandemonium
 44835 | Pan      | Got a clouded copper ring
 44871 | Pan      | Gained mutation: You are frail. (-10% HP) [a cacodemon]
 44886 | Pan      | Noticed Irapun the pandemonium lord
 44905 | Pan      | Turgon: Hi! Gozag in extended?
 44977 | Pan      | Gained mutation: Scrolls take you longer to read. [a neqoxec]
 44981 | Depths:3 | Escaped Pandemonium
 44995 | Pan      | Entered Pandemonium
 45068 | Pan      | 4thArraOfDagon: now i know its a bad idea
 45142 | Pan      | Turgon: Any way, extended is a part of the game in which you are usually not interested in gold any longer
 45157 | Pan      | Identified the ring of Scepticism {MR+ Dex+2 Stlth+} (You found it in Pandemonium)
 45172 | Pan      | Noticed Gloorx Vloq
 45675 | Pan      | Found an exit through the horrors of the Abyss.
 45689 | Pan      | Took an exit into the Abyss.
 45689 | Abyss:1  | Escaped into the Abyss
 45702 | Abyss:1  | Found a corrupted altar of Lugonu.
 45718 | Abyss:2  | Found a corrupted altar of Lugonu.
 45920 | Abyss:2  | Reached skill level 27 in Armour
 46100 | Abyss:3  | christ
 46109 | Abyss:3  | Paralysed by accursed screaming for 1 turns
 46450 | Abyss:4  | Paralysed by you for 4 turns
 46553 | Abyss:4  | Turgon: boa
 46553 | Abyss:4  | Turgon: +12 pearl DA
 46557 | Abyss:4  | 4thArraOfDagon: :)
 46557 | Abyss:4  | magipi: why are you carrying a shield?
 46557 | Abyss:4  | Turgon: And cloak of the Thief
 46557 | Abyss:4  | magipi: looks weird
 46579 | Abyss:4  | 4thArraOfDagon: im struggling with fog
 46767 | Abyss:5  | Entered Level 5 of the Abyss
 46891 | Abyss:5  | Reached skill level 10 in Evocations
 46931 | Abyss:5  | Found a deep blue altar of Sif Muna.
 46947 | Abyss:5  | Turgon: boggart
 46952 | Abyss:5  | Turgon: *dislike*
 47030 | Abyss:5  | :(
 47064 | Abyss:5  | 4thArraOfDagon: what a depressing vault :(
 47093 | Abyss:5  | Turgon: Well, I expected a rune vault too
 47095 | Abyss:5  | FelidMasterRace: > worships Gozag > has gold pickup turned off
 47193 | Abyss:5  | Found a radiant altar of Vehumet.
 47213 | Abyss:5  | Paralysed by accursed screaming for 1 turns
 47219 | Abyss:5  | Turgon: But there
 47222 | Abyss:5  | Turgon: ... seems to be hive rune vault
 47227 | Abyss:5  | Turgon: yes
 47227 | Abyss:5  | Got an abyssal rune of Zot
 47244 | Depths:3 | Escaped the Abyss
 47313 | Pan      | Entered the realm of Lom Lobon.
 47313 | Pan      | Entered Pandemonium
 47349 | Pan      | Noticed Mennas
 47367 | Pan      | Killed Mennas
 47527 | Pan      | Noticed Lom Lobon
 47530 | Pan      | come on
 47531 | Pan      | hmm
 47533 | Pan      | Got a magical rune of Zot
 47544 | Pan      | Turgon: I wonder why lom didn't apport and pick up the rune...
 47563 | Pan      | magipi: :D
 47564 | Pan      | Turgon: ... before YOU did it
 47576 | Pan      | FelidMasterRace: What a peaceful Lom.
 47601 | Pan      | Found an exit through the horrors of the Abyss.
 47606 | Pan      | Took an exit into the Abyss.
 47606 | Abyss:1  | Escaped into the Abyss
 47607 | Abyss:1  | Found a corrupted altar of Lugonu.
 47609 | Abyss:1  | magipi: all Pan runes done?
 47612 | Abyss:1  | Found a corrupted altar of Lugonu.
 47635 | Depths:3 | Escaped the Abyss
 47695 | Hell     | Entered the Vestibule of Hell
 47695 | Hell     | Noticed Geryon
 47695 | Hell     | 4thArraOfDagon: yah
 47726 | Hell     | 4thArraOfDagon: velsibule needs cacodemons yeah i know
 47821 | Hell     | Killed Geryon
 47883 | Hell     | Found a gateway to the ashen valley of Gehenna.
 47940 | Hell     | Found a gateway to the Iron City of Dis.
 47959 | Dis:1    | Entered Level 1 of the Iron City of Dis
 48011 | Dis:1    | magipi: is it good to bribe a hell branch?
 48058 | Dis:1    | incide: !dump 4thArraOfDagon
 48064 | Dis:1    | incide: !chardump 4thArraOfDagon
 48065 | Dis:1    | incide: huh
 48065 | Dis:1    | incide: beem's asleep
 48065 | Dis:1    | Bought a potion of curing for 75 gold pieces
 48065 | Dis:1    | Bought a potion of curing for 75 gold pieces
 48138 | Dis:1    | meh
 48207 | Dis:2    | Turgon: #dump 4thArraOfDagon
 48220 | Dis:4    | Turgon: mhmm
 48231 | Dis:4    | incide: thx
 48311 | Dis:5    | incide: holy shit dat pda, dat ring
 48320 | Dis:7    | Entered Level 7 of the Iron City of Dis
 48321 | Dis:7    | incide: this ogre's decked af
 48323 | Dis:7    | Turgon: :-)
 48376 | Dis:7    | Turgon: Don't underestimate that weapon
 48401 | Dis:7    | incide: the only thing missing is a skullcrusher
 48465 | Dis:7    | Turgon: freeze is the best common brand
 48483 | Dis:7    | Turgon: speed / holy / antimagic are very rare
 48522 | Dis:7    | Reached skill level 15 in Evocations
 48568 | Dis:7    | incide: also, tomb finished before hells, without tso
 48613 | Dis:7    | Turgon: I guess this was just for saving some turns
 48919 | Dis:7    | Noticed Dispater
 48926 | Dis:7    | Got an iron rune of Zot
 48967 | Dis:7    | incide: did he steal the pan runes as well
 49032 | Dis:7    | incide: i wonder how fun stealing the last one is with 3 death squads after you
 49180 | Dis:7    | Turgon: No cTele out. That's stupid.
 49196 | Dis:7    | FelidMasterRace: RIP cTele -_-
 49293 | Hell     | 4thArraOfDagon: ok im done for today
 49293 | Hell     | Turgon: ok
 49293 | Hell     | 4thArraOfDagon: ty
 49293 | Hell     | magipi: ty
 49293 | Hell     | incide: c ya
 49293 | Hell     | 4thArraOfDagon: cu
 49293 | Hell     | Upgraded the game from 0.19-a0-713-g934ebc7 to 0.19-a0-722-g27ac516
 49414 | Hell     | Found a gateway to the freezing wastes of Cocytus.
 49437 | Coc:1    | Entered Level 1 of Cocytus
 49480 | Coc:1    | You fall through a shaft!
 49771 | Coc:7    | Entered Level 7 of Cocytus
 50049 | Coc:7    | Reached skill level 1 in Stealth
 50055 | Coc:7    | Noticed the Serpent of Hell
 50073 | Coc:7    | Killed the Serpent of Hell
 50190 | Coc:7    | Reached skill level 5 in Stealth
 50466 | Coc:7    | Noticed Antaeus
 50476 | Coc:7    | Got an icy rune of Zot
 50675 | Hell     | Found a gateway to the decaying netherworld of Tartarus.
 50687 | Tar:1    | Entered Level 1 of Tartarus
 50689 | Tar:1    | You fall through a shaft!
 50690 | Tar:2    | FAST
 51010 | Tar:7    | Entered Level 7 of Tartarus
 51035 | Tar:7    | Reached skill level 10 in Stealth
 51252 | Zig:1    | Entered Level 1 of a ziggurat
 51271 | Zig:2    | Entered Level 2 of a ziggurat
 51314 | Zig:3    | Entered Level 3 of a ziggurat
 51339 | Zig:4    | Entered Level 4 of a ziggurat
 51409 | Zig:5    | Entered Level 5 of a ziggurat
 51413 | Zig:5    | Noticed an ancient lich
 51434 | Zig:5    | Killed an ancient lich
 51470 | Zig:6    | Entered Level 6 of a ziggurat
 51519 | Zig:6    | Identified Sif Muna's Grimoire of Creative Augmentations (You found it on level 6 of a ziggurat)
 51526 | Zig:6    | Learned a level 6 spell: Haste
 51529 | Zig:6    | Identified the Reference Book on Assistive Translocation (You found it on level 6 of a ziggurat)
 51530 | Zig:7    | Entered Level 7 of a ziggurat
 51593 | Zig:8    | Entered Level 8 of a ziggurat
 51692 | Zig:9    | Entered Level 9 of a ziggurat
 51774 | Zig:9    | Gained mutation: You are very frail. (-20% HP) [a shining eye]
 51777 | Zig:9    | Gained mutation: You are dopey. (Int -2) [a shining eye]
 51778 | Zig:9    | Lost mutation: Your spells are a little harder to cast, but a little more powerful. [a shining eye]
 51781 | Zig:9    | Lost mutation: Your muscles are strong. (Str +2) [potion of cure mutation]
 51781 | Zig:9    | Lost mutation: You passively map a small area around you. [potion of cure mutation]
 51781 | Zig:9    | Lost mutation: Your natural rate of healing is unusually fast. [potion of cure mutation]
 51781 | Zig:9    | Lost mutation: You are clumsy. (Dex -2) [potion of cure mutation]
 51781 | Zig:9    | Lost mutation: You are very frail. (-20% HP) [potion of cure mutation]
 51781 | Zig:9    | Lost mutation: You are dopey. (Int -2) [potion of cure mutation]
 51782 | Zig:9    | Lost mutation: You expend magic power (3 MP) to strengthen your wands. [potion of cure mutation]
 51782 | Zig:9    | Lost mutation: You are frail. (-10% HP) [potion of cure mutation]
 51782 | Zig:9    | Lost mutation: Scrolls take you longer to read. [potion of cure mutation]
 51782 | Zig:9    | Lost mutation: Scrolls take you a little longer to read. [potion of cure mutation]
 51787 | Zig:10   | Entered Level 10 of a ziggurat
 51798 | Zig:10   | Noticed Rynuvoes the pandemonium lord
 51837 | Zig:10   | Noticed Opuemare the pandemonium lord
 51873 | Zig:10   | Killed Opuemare the pandemonium lord
 51902 | Zig:10   | Killed from afar by Rynuvoes the pandemonium lord

Vault maps used:
D:1:      erik_arrival_orb_chamber
D:2:      grunt_temple_overflow_gold_and_silver, st_stairs_10
D:4:      nicolae_overflow_hidden_temple
D:5:      lemuel_crystal_altar, temple_statues, basic_altar, first_bread,
          kennysheep_pointless_box
D:6:      kennysheep_mini_moat, vehumet_altar_wand_db, uniq_menkaure,
          uniq_duvessa
D:7:      overflow_temple_1_default, overflow_temple_1_default, serial_shops,
          nicolae_shop_trees, elyvilon_altar_4
D:8:      lemuel_crystal_altar, nemelex_xobeh_ov_fountains_minmay
D:9:      ashenzari_conservatory_becter, hangedman_fish_farm
D:10:     erik_lair_island, enter_trove_2
D:12:     orc_0_dummy, tso_metal_star, uniq_sonja
D:13:     david_vaults_1
D:14:     portal_ice_cave_entry_imps, hangedman_decor_peaks_small,
          lightli_minifort, uniq_snorg, uniq_josephine
D:15:     grunt_enter_depths_magical_seal, basic_altar, minivault_23,
          david_greed
Lair:1:   st_stairs_12, lemuel_altar_in_water2
Lair:2:   nicolae_swamp_entry_splash_gauntlet, bh_autumn_forest_stairs,
          serial_bayou_shore_a
Lair:3:   grunt_megastairs_2, infiniplex_staircase_pool_2, uniq_rupert
Lair:4:   minmay_snake_entry_guardpost_medium
Lair:5:   lab_entry_generic, wad_woods_road_05, lemuel_fruit_fields,
          grunt_megastairs_4
Lair:6:   evil_forest, slime_altar_1, grunt_forest_small_clearings,
          grunt_megastairs_3
Swamp:1:  evilmike_swamp_ruin_house_1, cheibrodos_swamp_pet_leeches
Swamp:2:  evilmike_swamp_ruin_house_3, swamp_pool2, hangedman_swamp_diagram,
          infiniplex_staircase_pool, uniq_kirke, uniq_frances
Swamp:3:  hangedman_swamp_cone, swamp_pool1
Swamp:4:  swamp, swamp_pool2, nicolae_swamp_dense_foliage, uniq_roxanne
Snake:1:  st_stairs_6
Snake:3:  basic_altar, st_stairs_5, nrook_loot_triangle, basic_stair_grate_trap,
          uniq_asterion, uniq_vashnia, uniq_nikola
Snake:4:  snake_pit, serial_shops, shop, basic_altar, st_stairs_4,
          hangedman_corner_corridor, uniq_jorgrun, uniq_aizul
Slime:1:  nicolae_slime_phagocytosis
Slime:2:  dissolution_awaits
Orc:1:    serial_shops, nicolae_shop_waterfront, uniq_maurice
Orc:2:    st_orc_congregation, basic_altar, uniq_nessos
Elf:1:    hangedman_staggered_hall, minivault_28, minivault_26
Elf:3:    minmay_elf_hall_spiked, serial_shops, nicolae_shop_stone, nrook_uturn,
          grunt_ministairs_11, hangedman_elf_represent
Vaults:1: hangedman_vaults_impose, vaults_mumra_lcd, grunt_vaults_focal,
          v_misc_25, nicolae_vaults_network_quinsquares, vaults_dpeg_hooks,
          vaults_dpeg_diagonal
Vaults:2: ontoclasm_vaults_twist, ontoclasm_vaults_ring_square,
          hangedman_vaults_restitches, vaults_standard_mumra_enter_the_diamond,
          vaults_mumra_minichess, v_misc_23, v_misc_30, vaults_room_pool,
          vaults_room_fancy_cross, serial_ice_h,
          nicolae_vaults_mini_display_case
Vaults:3: minmay_crypt_entry_simple_statues, vaults_dpeg_doors,
          st_greater_box_1, nicolae_vaults_little_ls,
          nicolae_vaults_ninety_degrees, v_pattern_5, vaults_room_door_hall,
          nicolae_vaults_little_squares_6, ontoclasm_vaults_pinch,
          dpeg_vaults_monster_row, grunt_vaults_twisty,
          infiniplex_enter_wizlab_glasses
Vaults:4: nicolae_vaults_ring_of_whatevers, vaults_dpeg_spiral, v_pattern_2,
          grunt_vaults_hallway_long, nicolae_vaults_stairing_the_circle,
          hangedman_vaults_snaps, nicolae_vaults_alarming,
          nicolae_vaults_little_squares_6, ontoclasm_vaults_eye,
          vaults_mumra_hex, vaults_room_large_hall, vaults_room_pool,
          nicolae_vaults_diagonal_hallway_6, serial_shops, shop_statue,
          nicolae_shop_crystal
Crypt:1:  basic_altar, grunt_crypt_arrival_guarded_gate,
          roderic_lattice_octagonal_star, uniq_bai_suzhen
Crypt:2:  grunt_deathspiral_small
Crypt:3:  evilmike_haunted_forest
Tomb:2:   uniq_sojobo
Tomb:3:   uniq_frederick
Depths:1: minmay_three_patterns, pf_hell_entry_great_geh,
          minmay_misc_feat_square, abyss_entry, minmay_crystal_water,
          grunt_ministairs_10, feat_on_display, uniq_wiglaf
Depths:2: minmay_expanding_squares, enter_ziggurat_c, lightli_too_deep,
          minmay_misc_feat_rows, small_statue_intersection
Depths:3: vault_1, pan_entry, hell_entry, serial_shops, bzr_firewalk, shop, shop
Depths:4: lemuel_troll_bridge, serial_shops, shop_fountains, hellmouth_1,
          abyss_entry, serial_sigils, serial_sigils_hangedman_writhe,
          serial_sigils_hangedman_shear, serial_sigils_hangedman_gnaw,
          serial_sigils_hangedman_quiver, solitary_fountain, uniq_xtahua
Dis:3:    hangedman_player_shredder, lemuel_elevator
Dis:7:    dis_hangedman
Coc:2:    special_room
Coc:4:    serial_ice
Coc:7:    coc_old
Tar:2:    kb_skeletal_archery
Tar:6:    nicolae_tar_cuneiform_sun
Tar:7:    tar_mu
Abyss:1:  evilmike_abyss_exit_vortex, evilmike_abyss_exit_kraken
Abyss:2:  evilmike_abyss_exit_15, guppyfry_abyss_exit_imp_island,
          hangedman_abyss_or_decor_passed, minivault_5
Abyss:3:  abyss_exit_lava, due_exit_kobolds
Abyss:4:  minivault_22, minivault_25_ag, hangedman_abyss_river_spirits,
          hangedman_abyss_rune_macabre_mess, hangedman_abyss_or_decor_stagger
Abyss:5:  evilmike_abyss_exit_14, hangedman_abyss_rune_macabre_mess,
          evilmike_abyss_exit_11
Pan:      rand_demon_5, nicolae_pan_gloorx_vloqian_2, evilmike_mini_pan_doors,
          evilmike_gloorx_vloq_box, pan_blood_fountain_small,
          evilmike_mini_pan_corner, rand_demon_4, mnoleg,
          nicolae_pan_lom_lobonic_4, reaverb_pan_squares, rand_demon_2,
          pan_blood_fountain, rand_demon_4, uniq_gloorx_vloq,
          nicolae_pan_lom_lobonic_4, rand_demon_7, pan_blood_fountain_small,
          uniq_mnoleg, rand_demon_9, pan_blood_fountain_small, rand_demon_8,
          pan_blood_fountain_small, rand_demon_8, uniq_gloorx_vloq,
          evilmike_mini_pan_T, nicolae_pan_lom_lobonic_3, rand_demon_8,
          lemuel_hellion_island, evilmike_mini_pan_thingy, pan_disco_hall,
          evilmike_mini_pan_3x3, pan_blood_fountain_small, rand_demon_5,
          pan_blood_fountain_2, uniq_gloorx_vloq, nicolae_pan_hourglass,
          pan_blood_fountain, uniq_gloorx_vloq, nicolae_pan_gloorx_vloqian_4,
          nicolae_pan_sigil_uleosi, nicolae_pan_double_arrow,
          pan_blood_fountain_small, cerebov_grunt, uniq_gloorx_vloq,
          evilmike_mini_pan_possible_glass, lemuel_hall_of_pain,
          pan_blood_fountain_small, nicolae_pan_hourglass,
          nicolae_pan_mnolegish_4, evilmike_holy_pan,
          evilmike_mini_pan_other_thingy, uniq_cerebov,
          evilmike_mini_pan_pillars_b, nicolae_pan_lom_lobonic_3,
          evilmike_mini_pan_branches, uniq_gloorx_vloq,
          nicolae_pan_lom_lobonic_2, lom_lobon_st, uniq_mennas_pan
Zig:7:    ziggurat_pillar_centre_dead_trees
Zig:8:    ziggurat_pillar_centre_c
Zig:9:    ziggurat_loot_3, ziggurat_loot_2
Zig:10:   ziggurat_pillar_centre_smoke
Bazaar:   bazaar_jpeg_ribbon
Trove:    trove_simple
WizLab:   wizlab_golubria

Skill      XL: |  1  2  3  4  5  6  7  8  9 10 11 12 13 14 15 16 17 18 19 20 21 22 23 24 25 26 27 |
---------------+----------------------------------------------------------------------------------+-----
Maces & Flails | 3 4 5 6 8 9 11 14 17 18 19 20 22 23 | 23.0
Dodging        | 3 4 6 7 8 9 10 15 17 18 | 18.1
Fighting       | 5 6 9 10 11 12 13 14 16 17 18 20 21 26 | 26.0
Evocations     | 1 2 3 5 18 | 18.1
Armour         | 3 5 6 7 10 13 14 16 17 18 19 20 21 27 | 27.0
Spellcasting   | 3 5 6 7 9 11 13 | 13.5
Translocations | 2 4 6 |  6.0
Hexes          | 2 6 |  6.5
Air Magic      | 2 6 |  6.2
Charms         | 3 4 |  4.1
Necromancy     | 3 4 |  4.1
Stealth        | 14 | 14.1
Shields        | |  2.6
Transmutations | |  0.1

Action                   |  1- 3 |  4- 6 |  7- 9 | 10-12 | 13-15 | 16-18 | 19-21 | 22-24 | 25-27 || total
-------------------------+-------+-------+-------+-------+-------+-------+-------+-------+-------++-------
Melee: Flail             |   153 |   232 |    39 |       |       |       |       |       |       ||   424
       Giant club        |       |       |   254 |    87 |     7 |    42 |     6 |   625 |  4890 ||  5911
       Dire flail        |       |       |       |   353 |   782 |  1563 |  1592 |   128 |       ||  4418
       Whip              |       |       |       |       |   554 |    93 |    53 |   290 |       ||   990
       Great mace        |       |       |       |       |     5 |       |       |   820 |   164 ||   989
       Kick              |       |       |       |       |       |       |    98 |   857 |  1035 ||  1990
Throw: Throwing net      |       |       |       |     4 |     1 |       |       |       |       ||     5
       Large rock        |       |       |       |       |     7 |     3 |    24 |    31 |    35 ||   100
 Cast: Tukima's Dance    |       |       |       |     2 |       |       |       |       |       ||     2
       Apportation       |       |       |       |       |    16 |   100 |   281 |   270 |   566 ||  1233
       Repel Missiles    |       |       |       |       |     7 |    20 |     9 |     7 |    20 ||    63
       Blink             |       |       |       |       |       |       |     2 |       |     9 ||    11
       Silence           |       |       |       |       |       |       |       |     7 |     5 ||    12
       Passage of Golubr |       |       |       |       |       |       |       |       |    19 ||    19
       Regeneration      |       |       |       |       |       |       |       |       |   292 ||   292
       Spectral Weapon   |       |       |       |       |       |       |       |       |   137 ||   137
Invok: Call Merchant     |       |       |     1 |     2 |     2 |       |     2 |     4 |     4 ||    15
       Potion Petition   |       |       |     1 |     1 |       |       |       |       |       ||     2
 Abil: Evoke Fog         |       |       |       |       |       |       |       |       |    42 ||    42
       Evoke Blink       |       |       |       |       |       |       |       |       |     3 ||     3
Evoke: Wand              |       |     2 |    24 |    54 |     8 |    12 |     4 |    13 |    41 ||   158
       Lamp of fire      |       |       |       |       |     1 |     1 |     4 |     2 |     1 ||     9
       Box of beasts     |       |       |       |       |       |       |     3 |     1 |       ||     4
       Sack of spiders   |       |       |       |       |       |       |     9 |     4 |     2 ||    15
       Fan of gales      |       |       |       |       |       |       |     1 |       |     2 ||     3
       Phantom mirror    |       |       |       |       |       |       |     1 |       |     1 ||     2
       Rod               |       |       |       |       |       |       |       |     2 |       ||     2
       Figurine of a zig |       |       |       |       |       |       |       |       |     1 ||     1
  Use: Scroll            |       |     1 |    12 |    16 |    10 |    10 |    18 |    15 |    47 ||   129
       Potion            |       |     1 |     6 |    11 |     5 |     6 |    10 |     8 |    25 ||    72
 Stab: Distracted        |     1 |       |       |     1 |     4 |     7 |     6 |    18 |    80 ||   117
       Paralysed         |       |     6 |    11 |     9 |       |       |       |       |     5 ||    31
       Sleeping          |       |       |       |     1 |    21 |       |       |       |       ||    22
       Held in net/web   |       |       |       |     3 |     3 |       |       |       |       ||     6
       Confused          |       |       |       |       |       |     2 |       |       |       ||     2
       Invisible         |       |       |       |       |       |       |       |       |     1 ||     1
  Eat: Bread ration      |       |     1 |     2 |     4 |     3 |     5 |     3 |     4 |    12 ||    34
       Fruit             |       |     4 |     6 |     4 |    14 |       |     3 |     4 |    16 ||    51
       Beef jerky        |       |       |     1 |       |     1 |     2 |       |     2 |     4 ||    10
       Royal jelly       |       |       |     1 |       |     1 |       |       |     1 |     6 ||     9
       Pizza             |       |       |       |       |       |     1 |     3 |       |     2 ||     6
       Meat ration       |       |       |       |       |       |       |       |       |     5 ||     5
Armor: Robe              |    48 |    55 |    68 |    36 |       |       |       |       |       ||   207
       Skin              |       |       |       |     6 |       |       |       |       |       ||     6
       Troll leather arm |       |       |       |    24 |   194 |    20 |       |       |       ||   238
       Pearl dragon armo |       |       |       |       |       |   565 |   720 |   918 |  2875 ||  5078
Dodge: Dodged            |    53 |    72 |   126 |    95 |   431 |   488 |   547 |   679 |  4370 ||  6861
       Deflected         |       |       |       |       |    19 |    49 |    22 |    14 |    98 ||   202
Block: Shield            |    70 |    88 |     5 |       |       |       |       |       |       ||   163
       Other             |       |       |       |       |    21 |    59 |    66 |    54 |       ||   200
       Reflection        |       |       |       |       |       |     2 |     2 |       |       ||     4
